 Dungeon Crawl Stone Soup version 0.30-a0-772-g5528072125 (webtiles) character file.

Game seed: 1337862434488888948

14 Leeroy the Grasshopper (level 2, -9/15 HPs)
             Began as a Vine Stalker Warper on Feb 12, 2023.
             Mangled by a kobold
             ... wielding a +2 whip of electrocution
              (11 damage)
             ... on level 1 of the Dungeon.
             The game lasted 00:00:22 (302 turns).

Leeroy the Grasshopper (Vine Stalker Warper)         Turns: 302, Time: 00:00:22

Health: -9/15      AC:  3    Str: 13    XL:     2   Next: 45%
Magic:  0/6        EV: 11    Int: 13    God:
Gold:   7          SH:  0    Dex: 13    Spells: 5/5 levels left

rFire   . . .      SeeInvis .    a - +0 falchion
rCold   . . .      Faith    .    (no shield)
rNeg    . . .      Spirit   +    b - +0 leather armour
rPois   .          Reflect  .    (no helmet)
rElec   .          Harm     .    (no cloak)
rCorr   .          Rampage  .    (no gloves)
Will    .....                    (no boots)
Stlth   +                        (no amulet)
HPRegen 0.22/turn                (no ring)
MPRegen 0.10/turn                (no ring)

@: no status effects
A: fangs 2, magic shield, antimagic bite, no potion heal 2
a: no special abilities


You were on level 1 of the Dungeon.
You visited 1 branch of the dungeon, and saw 1 of its levels.

You collected 7 gold pieces.

Inventory:

Hand Weapons
 a - a +0 falchion (weapon)
Missiles
 d - 7 boomerangs of dispersal (quivered)
 i - 4 poisoned darts
Armour
 b - a +0 leather armour (worn)
Magical Staves
 f - a staff of conjuration
Scrolls
 c - a scroll of blinking
 e - a scroll of poison {unknown}
 g - a scroll of fear {unknown}
 k - a scroll of amnesia {unknown}
Potions
 h - a potion of ambrosia {unknown}
 j - a potion of invisibility {unknown}


   Skills:
 - Level 1.7 Fighting
 + Level 2.7 Long Blades
 - Level 0.8 Throwing
 - Level 0.7 Armour
 - Level 1.5 Dodging
 - Level 2.1 Spellcasting
 - Level 3.0 Translocations


You had 5 spell levels left.
You didn't know any spells.
Your spell library contained the following spells:

 Spells                   Type           Power      Damage    Failure   Level
 Blink                    Tloc           18%        N/A       14%         2
 Lesser Beckoning         Tloc           18%        N/A       14%         2
 Teleport Other           Tloc           9%         N/A       28%         3
 Vhi's Electric Charge    Tloc/Air       10%        N/A       45%         3
 Manifold Assault         Tloc           9%         N/A       67%         4


Dungeon Overview and Level Annotations

Branches:
Dungeon (1/15)

Altars:


Innate Abilities, Weirdness & Mutations

You have extremely sharp teeth.
When hurt, damage is shared between your health and your magic reserves.
Your bite disrupts and absorbs the magic of your enemies.
Potions cannot restore your health.


Message History

You hit the hobgoblin.
You bite the hobgoblin, but do no damage.
The hobgoblin is severely wounded.
The hobgoblin closely misses you.
The quokka bites you but does no damage.
You closely miss the hobgoblin. You bite the hobgoblin.
You kill the hobgoblin!
A kobold comes into view.
It is wielding a +2 whip of electrocution.
The quokka bites you.
The kobold shouts!
You hit the quokka. You bite the quokka, but do no damage.
The quokka is heavily wounded.
The quokka bites you. The quokka misses you.
You hit the quokka but do no damage.
The quokka is heavily wounded.
The quokka misses you.
You hit the quokka but do no damage.
The quokka is heavily wounded.
The quokka bites you but does no damage.
You miss the quokka. You bite the quokka.
You kill the quokka!
The frilled lizard barely misses you.
You closely miss the frilled lizard. The frilled lizard bites you.
You closely miss the kobold. You bite the kobold. You drain its power.
You feel invigorated.
The kobold is moderately wounded.
The frilled lizard bites you but does no damage.
The kobold hits you with a +2 whip of electrocution.
You are electrocuted!
Ouch! That really hurt!
* * * LOW HITPOINT WARNING * * *
You are too injured to fight recklessly!
You are too injured to fight recklessly!
You are too injured to fight recklessly!
You are too injured to fight recklessly!
The kobold attacks as you move away!
The kobold hits you with a +2 whip of electrocution.
You are electrocuted!
Ouch! That really hurt!
You die...

.. .. . . .#. )...
... .... #.##
..... #..##
#......#lK.#
......#@# ##
......#.##..#
#........# .
#..#.#.#.......
####..#.#.####....
..............(...
####....†.........
#.....#.#.####....
#.......#.........


You could see a kobold and a frilled lizard.

Vanquished Creatures
  A bat (D:1)
  An endoplasm (D:1)
  2 hobgoblins (D:1)
  2 jackals (D:1)
  A kobold (D:1)
  A quokka (D:1)
  A ball python (D:1)
  3 frilled lizards (D:1)
  A rat (D:1)
13 creatures vanquished.

Notes
Turn   | Place    | Note
-------+----------+-------------------------------------------
     0 | D:1      | Leeroy the Vine Stalker Warper began the quest for the Orb.
     0 | D:1      | Reached XP level 1. HP: 11/11 MP: 4/4
   184 | D:1      | Reached XP level 2. HP: 14/15 MP: 1/6
   302 | D:1      | Mangled by a kobold

Illustrated notes

Levels and vault maps discovered:
D:1:      lemuel_arrival_broad_hall, layout_basic

Skill      XL: |  1 |
---------------+----+-----
Long Blades    | 2 |  2.7
Fighting       | |  1.7
Throwing       | |  0.8
Armour         | |  0.7
Dodging        | |  1.5
Spellcasting   | |  2.1
Translocations | |  3.0

Action                     || total
---------------------------++-------
  Melee: Falchion          ||    36
         Bite              ||     8
         Punch             ||     2
 Armour: Leather armour    ||    12
  Dodge: Dodged            ||    16

Table legend: (Time is in decaauts)
 A = Elapsed time spent in this place.
 B = Non-inter-level travel time spent in this place.
 C = Inter-level travel time spent in this place.
 D = Time resting spent in this place.
 E = Time spent auto-exploring this place.
 F = Levels seen in this place.
 G = Mean time per level.
                   A        B        C        D        E       F      G
               +--------+--------+--------+--------+--------+-----+--------+
         Total |    308 |    308 |      0 |      0 |    230 |   1 |  308.0 |
       Dungeon |    308 |    308 |      0 |      0 |    230 |   1 |  308.0 |
               +--------+--------+--------+--------+--------+-----+--------+

Top non-repeatable levels by time:
     D:1: 308 daAuts
